 Dungeon Crawl Stone Soup version 0.31-a0-321-g19405a7a6a (webtiles) character file.

Game seed: 9860482907585387498

2030 cforsyth the Changeling (level 9, -1/71 HPs)
             Began as a Vampire Shapeshifter on July 18, 2023.
             Was a Believer of Nemelex Xobeh.
             Slain by a lemure (4 damage)
             ... led by Pikel
             ... on level 6 of the Dungeon.
             The game lasted 00:12:24 (6295 turns).

cforsyth the Changeling (Vampire Shapeshifter)      Turns: 6295, Time: 00:12:25

Health: -1/71      AC:  2    Str: 24    XL:     9   Next: 3%
Magic:  9/9        EV: 12    Int: 10    God:    Nemelex Xobeh [**....]
Gold:   294        SH:  5    Dex: 15    Spells: 8/8 levels left

rFire   + . .        E - +9 hammer "Yddim" {freeze, rF+ Str+6}
rCold   . . .        (no shield)
rNeg    . . .        a - +0 animal skin
rPois   .            u - melded +2 hat
rElec   .            d - melded scarf {rC+ rF+}
rCorr   .            z - melded +0 pair of gloves
SInv    +            p - melded +1 pair of boots
Will    .....        m - amulet of reflection
Stlth   +            (no ring)
HPRegen 0.51/turn    (no ring)
MPRegen 0.11/turn

%: reflection
@: beast-form, healing quickly
A: beast (slay +5), alive, fangs 3, see invisible, vampiric 2
a: Exsanguinate, Begin Untransformation, Renounce Religion, Draw Escape, Draw
Destruction, Draw Summoning


You were on level 6 of the Dungeon.
You worshipped Nemelex Xobeh.
Nemelex Xobeh was pleased with you.
You were a hulking beast.
You visited 2 branches of the dungeon, and saw 8 of its levels.
You also visited: Sewer.

You collected 294 gold pieces.

Inventory:

Hand Weapons
 b - the +9 war axe of Discomfort {flame, rN+++}
   (You found it on level 6 of the Dungeon)

   rN:        It renders you almost immune to negative energy.
 B - a +0 broad axe
 E - the +9 hammer "Yddim" (weapon) {freeze, rF+ Str+6}
   (You found it on level 5 of the Dungeon)

   Str:       It affects your strength (+6).
   rF:        It protects you from fire.
Armour
 a - a +0 animal skin (worn)
 d - a scarf of resistance (melded)
 p - a +1 pair of boots (melded)
 u - a +2 hat (melded)
 z - a +0 pair of gloves (melded)
 A - a +0 cloak
Jewellery
 m - an amulet of reflection (around neck)
 o - a ring of ice
Talismans
 c - a beast talisman
 D - a maw talisman
Wands
 y - a wand of quicksilver (5)
Scrolls
 e - 2 scrolls of teleportation {unknown}
 f - a scroll of identify {unknown}
 g - a scroll of enchant weapon {unknown}
 i - a scroll of fog {unknown}
 j - a scroll of acquirement {unknown}
 l - a scroll of fear {unknown}
 n - 2 scrolls of immolation {unknown}
 s - a scroll of enchant armour {unknown}
 t - 2 scrolls of noise {unknown}
 v - a scroll of poison {unknown}
 w - a scroll of blinking {unknown}
 F - a scroll of amnesia {unknown}
Potions
 h - 2 potions of cancellation {unknown}
 k - a potion of attraction
 q - a potion of magic {unknown}
 r - 2 potions of berserk rage {unknown}
 x - 2 potions of curing
 C - a potion of resistance {unknown}


   Skills:
 + Level 6.9 Fighting
 - Level 2.1 Dodging
 - Level 6.6 Unarmed Combat
 + Level 7.4 Shapeshifting


You had 8 spell levels left.
You didn't know any spells.
Your spell library contained the following spells:

 Spells                   Type           Power      Damage    Failure   Level
 Necrotise                Necr           0%         1d4       36%         1
 Sublimation of Blood     Necr           0%         N/A       50%         2
 Wereblood                Tmut           0%         N/A       50%         2
 Vampiric Draining        Necr           0%         2d6       75%         3
 Agony                    Necr           0%         N/A       100%        5
 Summon Hydra             Summ           0%         N/A       100%        7


Dungeon Overview and Level Annotations

Branches:
Dungeon (7/15)             Temple (1/1) D:7           Sewer (visited)

Altars:
Ashenzari
Dithmenos
Fedhas
Hepliaklqana
Kikubaaqudgha
Makhleb
Nemelex Xobeh
Qazlal
Ru
Sif Muna
Trog
Uskayaw
Vehumet
Wu Jian
Xom
Yredelemnul

Shops:
D:6 (

Annotations:
D:6 Pikel
D:7 Joseph


Innate Abilities, Weirdness & Mutations

You are a hulking beast.
Your limbs bulge with bestial killing power. (Slay +5)
Your natural rate of healing is accelerated.
You have razor-sharp teeth.
You have supernaturally acute eyesight. (SInv)
You are afflicted with vampirism and can become a bat while bloodless.


Message History

You hit Pikel. You freeze Pikel. You punch Pikel, but do no damage.
Pikel is moderately wounded.
The lemure hits you. The lemure closely misses you.
Pikel hits you with a +0 whip of freezing.
Pikel freezes you.
You are too injured to fight recklessly!
You are too injured to fight recklessly!
You are too injured to fight recklessly!
You are too injured to fight recklessly!
You are too injured to fight recklessly!
You are too injured to fight recklessly!
You are too injured to fight recklessly!
You hit Pikel. You freeze Pikel. Your punch misses Pikel.
Pikel is moderately wounded.
You block the lemure's attack. x2
Pikel hits you with a +0 whip of freezing!
Pikel freezes you.
You barely miss Pikel. You bite Pikel, but do no damage.
Pikel is moderately wounded.
The lemure hits you.
* * * LOW HITPOINT WARNING * * *
The lemure barely misses you.
Pikel hits you with a +0 whip of freezing.
* * * LOW HITPOINT WARNING * * *
Pikel freezes you.
* * * LOW HITPOINT WARNING * * *
The lemure hits you but does no damage. Pikel misses you.
You block the lemure's attack.
You completely miss Pikel.
Pikel is moderately wounded.
The lemure hits you!
* * * LOW HITPOINT WARNING * * *
The lemure hits you.
* * * LOW HITPOINT WARNING * * *
Pikel closely misses you.
You hit Pikel. You freeze Pikel.
Pikel is heavily wounded.
The lemure hits you.
You die...
Your body disappears without a glow.

##
####...###...###...####
####.###.........####
##.##.# ####...####
###...#.#########...####
.......................+
###......##.###.....####
##......# #..#.##
........# #..###
#.##.....# #5h# #.
##..>## #5K# # #####
#.5# ...# ##.## #. #. #.


You could see Pikel and 3 lemures.

Vanquished Creatures
  Prince Ribbit (D:7)
  Sigmund (D:5)
  A black bear (D:7)
  2 ice beasts (D:7)
  A lemure (D:6)
  An ogre (D:6)
  A phantom (D:7)
  2 scorpions
  5 bullfrogs
  A howler monkey (D:3)
  A jelly (D:5)
  Crazy Yiuf (D:5)
  A hound (D:5)
  An orc priest (D:3)
  A gnoll bouda (D:5)
  Natasha (thrice) (D:2)
  2 iguanas
  7 orc wizards
  6 adders
  10 gnolls
  A river rat (D:6)
  A shadow imp (D:7)
  2 ufetubi (D:6)
  2 dart slugs (D:4)
  2 worms
  19 orcs
  11 ball pythons
  12 endoplasms
  10 giant cockroaches
  7 goblins
  6 hobgoblins
  8 jackals
  15 quokkas
  7 bats
  12 frilled lizards
  5 kobolds
  7 rats
176 creatures vanquished.

Notes
Turn   | Place    | Note
-------+----------+-------------------------------------------
     0 | D:1      | cforsyth the Vampire Shapeshifter began the quest for the
                  | Orb.
     0 | D:1      | Reached XP level 1. HP: 16/16 MP: 1/1
    77 | D:1      | Reached XP level 2. HP: 22/22 MP: 2/2
   453 | D:2      | Gained mutation: You are afflicted with vampirism and can
                  | become a bat while bloodless. [Vampire growth]
   453 | D:2      | Reached XP level 3. HP: 19/28 MP: 3/3
   586 | D:2      | Noticed Natasha
   592 | D:2      | Killed Natasha
   645 | D:2      | Reached XP level 4. HP: 16/34 MP: 4/4
   772 | D:2      | Noticed Natasha
   779 | D:2      | Killed Natasha
   780 | D:2      | Reached skill level 4 in Shapeshifting
  1272 | D:2      | Noticed Natasha
  1278 | D:2      | Killed Natasha
  1520 | D:3      | Found an ornate altar of the Wu Jian Council.
  1529 | D:3      | Reached XP level 5. HP: 39/41 MP: 5/5
  2218 | D:4      | HP: 1/41 [scorpion (7)]
  2225 | D:4      | HP: 2/41 [scorpion (7)]
  2230 | D:4      | Reached XP level 6. HP: 3/48 MP: 6/6
  2545 | D:3      | HP: 2/48 [orc priest/+0 hand axe (4)]
  3189 | D:4      | Found an ancient bone altar of Kikubaaqudgha.
  3360 | D:3      | Reached skill level 5 in Unarmed Combat
  3360 | D:3      | Reached skill level 5 in Shapeshifting
  3650 | D:5      | Entered Level 5 of the Dungeon
  3652 | D:5      | You fall into a shaft and drop 2 floors!
  3674 | D:7      | Found a broken altar of Ashenzari.
  3701 | D:7      | Reached XP level 7. HP: 54/55 MP: 7/7
  3714 | D:7      | Found a shadowy altar of Dithmenos.
  3824 | D:7      | Found a staircase to the Ecumenical Temple.
  3834 | Temple   | Entered the Ecumenical Temple
  3849 | Temple   | Became a worshipper of Nemelex Xobeh the Trickster
  3898 | D:7      | Reached skill level 5 in Fighting
  4041 | D:7      | Reached XP level 8. HP: 37/62 MP: 8/8
  4128 | D:7      | Noticed Prince Ribbit
  4154 | D:7      | Killed Prince Ribbit
  4155 | D:7      | Reached skill level 6 in Shapeshifting
  4245 | D:7      | Noticed Joseph
  4444 | D:6      | Identified the +9 war axe of Discomfort {flame, rN+++}
  4498 | D:6      | Found a glowing drain.
  4502 | Sewer    | Entered a sewer
  4907 | D:6      | Reached * piety under Nemelex Xobeh
  4975 | D:5      | Identified the +9 spear "Inwaohio" {heavy, *Rage rF+ rN++
                  | Stlth+}
  5033 | D:5      | Noticed Sigmund
  5351 | D:5      | Received a gift from Nemelex Xobeh
  5681 | D:5      | Found a runed translucent door.
  5682 | D:5      | Noticed Crazy Yiuf
  5919 | D:5      | Killed Sigmund
  5920 | D:5      | Reached skill level 7 in Shapeshifting
  5986 | D:5      | Killed Crazy Yiuf
  5990 | D:5      | Identified the +9 hammer "Yddim" {freeze, rF+ Str+6}
  6086 | D:6      | Reached ** piety under Nemelex Xobeh
  6127 | D:6      | Reached XP level 9. HP: 50/71 MP: 9/9
  6182 | D:6      | Found Kagekekh's Weapon Shop.
  6283 | D:6      | Noticed Pikel
  6294 | D:6      | HP: 3/71 [lemure[Pikel] (5)]
  6295 | D:6      | Slain by a lemure

Illustrated notes

Levels and vault maps discovered:
D:1:      heliophobic_arrival_henge, layout_rooms
D:2:      layout_loops_ring, nicolae_figureground_sparkle, uniq_natasha
D:3:      layout_loops_cross, mainiacjoe_overflow_small_starburst,
          serial_bayou_pond_c
D:4:      layout_rooms, mainiacjoe_overflow_concentric_impassable
D:5:      layout_loops_ring, uniq_crazy_yiuf_cottage, uniq_sigmund
D:6:      nicolae_BIG_FREAKIN_CUBE, layout_loops_corners,
          biasface_ghost_orc_armoury, gup_sewer_entry_bowl, serial_shops,
          nicolae_shop_pleasant_corner_grove, dreamdust_mushroom_princess,
          uniq_pikel
D:7:      minmay_slanted_spiral_squares, layout_rooms,
          mainiacjoe_overflow_paths, mainiacjoe_overflow_two_lobes,
          minmay_temple_entry_butterflies, uniq_prince_ribbit1, uniq_joseph
Temple:   nicolae_temple_ecumenical_triangle

Skill      XL: |  1  2  3  4  5  6  7  8 |
---------------+-------------------------+-----
Fighting       | 2 3 4 5 6 |  6.9
Unarmed Combat | 3 4 5 6 |  6.6
Shapeshifting  | 4 5 7 |  7.4
Dodging        | |  2.1

Action                     |  1- 3 |  4- 6 |  7- 9 || total
---------------------------+-------+-------+-------++-------
  Melee: Unarmed           |    98 |   190 |    74 ||   362
         Bite              |     5 |    18 |    10 ||    33
         Punch             |     1 |     2 |    12 ||    15
         War axe           |       |       |   122 ||   122
         Mace              |       |       |    21 ||    21
 Invoke: Draw Destruction  |       |       |     1 ||     1
    Use: Potion            |       |     2 |     2 ||     4
   Stab: Sleeping          |     1 |     2 |     1 ||     4
 Armour: Animal skin       |    22 |    18 |    15 ||    55
         Skin              |       |       |    26 ||    26
  Dodge: Dodged            |    65 |    81 |   117 ||   263
  Block: Other             |     7 |    40 |    46 ||    93
         Reflection        |       |     4 |       ||     4
         Form:             |       |     1 |     1 ||     2
         Beast             |       |     1 |     1 ||     2

Table legend: (Time is in decaauts)
 A = Elapsed time spent in this place.
 B = Non-inter-level travel time spent in this place.
 C = Inter-level travel time spent in this place.
 D = Time resting spent in this place.
 E = Time spent auto-exploring this place.
 F = Levels seen in this place.
 G = Mean time per level.
                   A        B        C        D        E       F      G
               +--------+--------+--------+--------+--------+-----+--------+
         Total |   6413 |   6035 |    378 |    875 |   3525 |   9 |  712.6 |
       Dungeon |   5920 |   5554 |    366 |    875 |   3288 |   7 |  845.7 |
        Temple |     26 |     15 |     11 |      0 |      0 |   1 |   26.0 |
         Sewer |    466 |    466 |      0 |      0 |    237 |   1 |  466.0 |
               +--------+--------+--------+--------+--------+-----+--------+

Top non-repeatable levels by time:
     D:3: 1419 daAuts
     D:4: 1027 daAuts
     D:2: 1024 daAuts
     D:5: 887 daAuts
     D:7: 579 daAuts
     D:6: 539 daAuts
   Sewer: 466 daAuts
     D:1: 443 daAuts
  Temple: 26 daAuts
